 Dungeon Crawl Stone Soup version 0.26-a0-1139-g7d2dc893a1 (webtiles) character file.

Game seed: 12432030675225963606

1366 Dracia the Grasshopper (level 8, -2/56 (60) HPs)
             Began as a Demonspawn Gladiator on Dec 21, 2020.
             Slain by an ufetubus (5 damage)
             ... on level 5 of the Dungeon.
             The game lasted 00:08:52 (5664 turns).

Dracia the Grasshopper (Demonspawn Gladiator)       Turns: 5664, Time: 00:08:52

HP:   -2/56 (60)    AC: 12    Str: 15    XL:     8   Next: 38%
MP:   15/15         EV: 14    Int: 11    God:
Gold: 213           SH:  0    Dex: 15    Spells: 16/17 levels left

rFire    . . .     SeeInvis .   a - +1 quarterstaff
rCold    . . .     Faith    .   (shield currently unavailable)
rNeg     . . .     Spirit   .   b - +0 leather armour
rPois    .         Reflect  .   c - +1 helmet
rElec    .         Harm     .   (no cloak)
rCorr    .         Rampage  .   (no gloves)
Will     .....                  q - +0 pair of boots
Stlth    +.........             (no amulet)
HPRegen  0.18/turn              O - +4 ring of protection
MPRegen  0.14/turn              (no ring)

@: drained
A: hooves 1, iridescent scales 1, powered by pain 1
a: no special abilities


You were on level 5 of the Dungeon.
You visited 1 branch of the dungeon, and saw 6 of its levels.

You collected 213 gold pieces.


Innate Abilities, Weirdness & Mutations

You have large cloven feet.
You are partially covered in iridescent scales. (AC +2)
You sometimes gain a little power by taking damage.


   Skills:
 - Level 4.0 Fighting
 - Level 2.6 Staves
 - Level 1.7 Throwing
 - Level 3.0 Armour
 - Level 4.2 Dodging
 + Level 5.0 Spellcasting
 + Level 5.1 Translocations


You had 16 spell levels left.
You knew the following spells:

 Your Spells              Type           Power        Failure   Level
a - Apportation           Tloc           28%          3%          1

Your spell library contained the following spells:

 Spells                   Type           Power        Failure   Level
 Animate Skeleton         Necr           4%           26%         1
 Corona                   Hex            2%           26%         1
 Summon Small Mammal      Summ           8%           26%         1

Inventory:

Hand Weapons
 a - a +1 quarterstaff (weapon)
 m - a +2 dagger of draining
Missiles
 d - 3 throwing nets (quivered) {=f=f}
Armour
 b - a +0 leather armour (worn)
 c - a +1 helmet (worn)
 q - a +0 pair of boots (worn)
Magical Staves
 p - a cursed staff of cold {!a!a}
Jewellery
 O - a +4 ring of protection (left hand)
Wands
 f - a wand of iceblast (11)
 o - a wand of random effects (23)
Scrolls
 e - 5 scrolls of identify {@r1@r1}
 g - 4 scrolls of remove curse {@r2@r2}
 h - a scroll of enchant armour
 l - a scroll of fog
 n - a scroll of torment {unknown}
 s - a scroll of summoning {unknown}
 t - a scroll of fear {unknown}
Potions
 i - a potion of flight {unknown}
 k - 2 potions of curing {@q1@q1}
 r - a potion of attraction
 u - a potion of brilliance {unknown}

Dungeon Overview and Level Annotations

Branches:
Dungeon (6/15)             Temple (0/1) D:5

Altars:
Dithmenos
Hepliaklqana
Kikubaaqudgha
Okawaru
Qazlal
Xom
Yredelemnul

#.......≈g≈...##........<##.#..
#......(≈≈≈.8.##..............#
#..........8_8##.........###...
##......≈≈≈.8.##...............
##.....≈g≈...##......<..###...
####.#########.........# #...
######...#######.#.........###...
#.............[..................
######........o5@..........##....
#..........#................
#..........#.#.......#......
#.....)....#.##........#....
#.#####[####.##.#..#.#####.. #.#
#[.###.##....#........ ###.##
##.........#....####.. #....#
####..........##..... #....#
##....#.#.....####


You could see an orc warrior and an ufetubus.


Message History

There is a stone staircase leading down, spattered with blood here.
You thump the orc wizard!
You kill the orc wizard!
The ufetubus hits you.
* * * LOW HITPOINT WARNING * * *
The ufetubus hits you.
* * * LOW HITPOINT WARNING * * *
The orc warrior hits you with a +0 flail!
* * * LOW HITPOINT WARNING * * *
The ufetubus hits you but does no damage. x2
Okay, then.
You closely miss the orc warrior. The ufetubus barely misses you. x2
The orc warrior hits you with a +0 flail.
* * * LOW HITPOINT WARNING * * *
You hit the orc warrior but do no damage.
The ufetubus barely misses you. The ufetubus misses you.
The ufetubus hits you but does no damage. x2
The orc warrior closely misses you.
You hit the orc warrior.
The orc warrior is lightly wounded.
The ufetubus misses you. The ufetubus barely misses you.
The ufetubus hits you but does no damage. x2
The orc warrior closely misses you.
Unknown command.
Unknown command.
The ufetubus misses you. The ufetubus barely misses you.
Things that are here:
a +0 dagger; a +0 robe The ufetubus hits you.
You die...

Skill      XL: |  1  2  3  4  5  6  7  8 |
---------------+-------------------------+-----
Dodging        | 3 4 |  4.2
Armour         | 1 2 3 |  3.0
Fighting       | 3 4 |  4.0
Spellcasting   | 2 4 5 |  5.0
Translocations | 2 4 5 |  5.1
Staves         | |  2.6
Throwing       | |  1.7

Action                   |  1- 3 |  4- 6 |  7- 9 || total
-------------------------+-------+-------+-------++-------
Melee: Quarterstaff      |   103 |   142 |   157 ||   402
  Use: Potion            |     2 |     2 |     6 ||    10
       Scroll            |       |     6 |     1 ||     7
 Stab: Sleeping          |       |     1 |     1 ||     2
       Distracted        |       |     1 |       ||     1
Armor: Leather armour    |    33 |    44 |    53 ||   130
       Skin              |       |       |    16 ||    16
Dodge: Dodged            |    75 |   101 |   152 ||   328

Levels and vault maps discovered:
D:1:      dpeg_arrival_pond, layout_basic
D:2:      layout_basic, yredelemnul_altar_generic
D:3:      layout_basic, lemuel_doored_altar, grunt_dithmenos_smoke,
          uniq_jessica, uniq_sigmund, uniq_terence
D:4:      layout_loops_ring, lemuel_coloured_pillars_altar,
          kiku_gazebo_pond_becter, hex_large, lemuel_altar_in_water2
D:5:      layout_rooms, kennysheep_okawaru_gauntlet, old_standard_altar,
          minmay_temple_entry_slanted, uniq_menkaure
D:6:      layout_rooms, uniq_edmund

Notes
Turn   | Place    | Note
-------+----------+-------------------------------------------
     0 | D:1      | Dracia the Demonspawn Gladiator began the quest for the
                  | Orb.
     0 | D:1      | Reached XP level 1. HP: 16/16 MP: 1/1
   243 | D:1      | Gained mutation: You are partially covered in iridescent
                  | scales. (AC +2) [demonic ancestry]
   243 | D:1      | Reached XP level 2. HP: 18/22 MP: 2/2
   251 | D:1      | Reached skill level 3 in Dodging
   254 | D:1      | Reached skill level 1 in Armour
   698 | D:1      | Reached XP level 3. HP: 25/28 MP: 3/3
  1301 | D:2      | Found a basalt altar of Yredelemnul.
  1951 | D:3      | Noticed Sigmund
  1997 | D:3      | Killed Sigmund
  1998 | D:3      | Reached skill level 3 in Fighting
  1998 | D:3      | Reached skill level 2 in Armour
  1998 | D:3      | Reached XP level 4. HP: 19/37 MP: 4/4
  1998 | D:3      | Reached XP level 5. HP: 21/42 MP: 5/5
  2156 | D:3      | Found a shadowy altar of Dithmenos.
  2167 | D:3      | Reached skill level 4 in Dodging
  2443 | D:3      | Found a shadowy altar of Dithmenos.
  2537 | D:3      | Noticed Terence
  2557 | D:3      | Killed Terence
  2639 | D:3      | Noticed Jessica
  2651 | D:3      | Killed Jessica
  2652 | D:3      | Gained mutation: You sometimes gain a little power by
                  | taking damage. [demonic ancestry]
  2652 | D:3      | Reached XP level 6. HP: 37/48 MP: 6/6
  3011 | D:3      | Learned a level 1 spell: Apportation
  3069 | D:4      | Reached skill level 4 in Fighting
  3069 | D:4      | Reached skill level 3 in Armour
  3161 | D:4      | Reached skill level 1 in Spellcasting
  3161 | D:4      | Reached skill level 1 in Translocations
  3727 | D:4      | Reached skill level 2 in Spellcasting
  3727 | D:4      | Reached skill level 2 in Translocations
  3757 | D:4      | You fall into a shaft and drop 1 floor!
  3757 | D:5      | Entered Level 5 of the Dungeon
  3861 | D:4      | Found a shimmering altar of Xom.
  3967 | D:4      | Found an ancient bone altar of Kikubaaqudgha.
  4041 | D:4      | Found a stormy altar of Qazlal.
  4316 | D:5      | Noticed Menkaure
  4325 | D:5      | HP: 1/48 [Menkaure (13)]
  4330 | D:5      | Killed Menkaure
  4331 | D:5      | Gained mutation: You have large cloven feet. [demonic
                  | ancestry]
  4331 | D:5      | Reached XP level 7. HP: 25/54 MP: 9/11
  4532 | D:5      | Reached skill level 3 in Spellcasting
  4532 | D:5      | Reached skill level 3 in Translocations
  4739 | D:5      | Reached skill level 4 in Spellcasting
  4739 | D:5      | Reached skill level 4 in Translocations
  4739 | D:5      | Reached XP level 8. HP: 35/60 MP: 12/14
  4869 | D:5      | Found an iron altar of Okawaru.
  5080 | D:5      | Found a hazy altar of Hepliaklqana.
  5243 | D:5      | Found a staircase to the Ecumenical Temple.
  5360 | D:6      | Noticed Edmund
  5410 | D:5      | Killed Edmund
  5411 | D:5      | Reached skill level 5 in Spellcasting
  5411 | D:5      | Reached skill level 5 in Translocations
  5660 | D:5      | HP: 2/56 [orc warrior/+0 flail (6)]
  5664 | D:5      | Slain by an ufetubus

Vanquished Creatures
  Sigmund (D:3)
  Menkaure (D:5)
  Edmund (D:5)
  2 ogres
  A phantom (D:5)
  2 centaurs (D:5)
  A jelly (D:5)
  3 hounds
  An orc priest (D:5)
  5 orc wizards (D:5)
  Jessica (D:3)
  2 worker ants (D:4)
  Terence (D:3)
  3 gnolls (D:5)
  4 adders
  A shadow imp (D:6)
  An ufetubus (D:5)
  2 oozes
  4 worms
  4 dart slugs (D:1)
  4 leopard geckos
  10 orcs
  3 giant cockroaches
  5 goblins
  6 hobgoblins
  2 jackals (D:3)
  A quokka (D:2)
  6 bats
  2 frilled lizards
  A jackal skeleton (D:4)
  8 kobolds
  A quokka skeleton (D:5)
  9 rats
99 creatures vanquished.

Table legend: (Time is in decaauts)
 A = Elapsed time spent in this place.
 B = Non-inter-level travel time spent in this place.
 C = Inter-level travel time spent in this place.
 D = Time resting spent in this place.
 E = Time spent auto-exploring this place.
 F = Levels seen in this place.
 G = Mean time per level.
                   A        B        C        D        E       F      G
               +--------+--------+--------+--------+--------+-----+--------+
         Total |   5738 |   5561 |    177 |    780 |   3888 |   6 |  956.3 |
       Dungeon |   5738 |   5561 |    177 |    780 |   3888 |   6 |  956.3 |
               +--------+--------+--------+--------+--------+-----+--------+

Top non-repeatable levels by time:
     D:5: 1364 daAuts
     D:4: 1262 daAuts
     D:3: 1122 daAuts
     D:1: 985 daAuts
     D:2: 965 daAuts
     D:6: 38 daAuts

Table legend:
 A = Non-vault XP
 B = Vault XP
 C = Vault XP percentage of total XP
 D = Non-vault monster count
 E = Vault monster count
 F = Vault count percentage of total count
                 A         B        C        D         E       F
            +---------+---------+-------+---------+---------+-------
      Total |    1335 |     617 |  31.6 |      94 |       5 |   5.1
            +---------+---------+-------+---------+---------+-------
        D:1 |      56 |       0 |   0.0 |      28 |       0 |   0.0
        D:2 |      16 |       0 |   0.0 |      10 |       0 |   0.0
        D:3 |      30 |     287 |  90.5 |      14 |       3 |  17.6
        D:4 |     319 |       0 |   0.0 |      14 |       0 |   0.0
        D:5 |     903 |     330 |  26.8 |      27 |       2 |   6.9
        D:6 |      11 |       0 |   0.0 |       1 |       0 |   0.0
            +---------+---------+-------+---------+---------+-------
